 Dungeon Crawl Stone Soup version 0.21.0-22-g11d5b52 (webtiles) character file.

241 HEYYEYAAE the Digger (level 5, -1/40 HPs)
             Began as a Demigod Earth Elementalist on Jan 18, 2018.
             Slain by a worm (9 damage)
             ... on level 3 of the Dungeon.
             The game lasted 00:04:04 (2702 turns).

HEYYEYAAE the Digger (Demigod Earth Elementalist)   Turns: 2702, Time: 00:04:05

Health: -1/40      AC:  8    Str: 11    XL:     5   Next: 51%
Magic:  5/12       EV:  5    Int: 21    God:
Gold:   107        SH:  0    Dex: 16    Spells: 9/10 levels left

rFire    . . .     SeeInvis .   k - +2 dagger (venom)
rCold    . . .     Gourm    .   (no shield)
rNeg     . . .     Faith    .   t - +3 chain mail {MR+}
rPois    .         Spirit   .   (no helmet)
rElec    .         Reflect  .   (no cloak)
rCorr    .         Harm     +   p - +0 pair of gloves
MR       +....     Rnd*Tele +   (no boots)
Stlth    ..........             j - amulet of harm
HPRegen  0.13/turn              f - ring of teleportation (curse)
MPRegen  0.13/turn              (no ring)

@: slightly contaminated
A: deformed body, high mp 1
a: no special abilities


You were on level 3 of the Dungeon.
You were not hungry.

You visited 1 branch of the dungeon, and saw 3 of its levels.

You collected 107 gold pieces.

Inventory:

Hand Weapons
 k - a +2 dagger of venom (weapon)
 r - a +0 quarterstaff
Missiles
 b - 67 stones (quivered)
Armour
 c - a +0 robe
 n - a +0 buckler
 p - a +0 pair of gloves (worn)
 t - a +3 chain mail of magic resistance (worn)
Jewellery
 f - a cursed ring of teleportation (left hand)
 j - an amulet of harm (around neck)
Wands
 u - a wand of flame (13)
Scrolls
 g - 3 scrolls of identify {unknown}
 i - 2 scrolls of blinking {unknown}
 m - 2 scrolls of teleportation {unknown}
 o - 2 scrolls of remove curse {unknown}
 s - 2 scrolls of magic mapping {unknown}
 v - a scroll of amnesia {unknown}
 w - a scroll of fear {unknown}
Potions
 a - 2 potions of resistance {unknown}
 h - 2 potions of agility {unknown}
 l - 2 potions of magic {unknown}
 q - 2 potions of curing
 x - a potion of might {unknown}
Books
 e - a book of Geomancy

   Spells                             Type                      Level
   a - Sandblast                      Earth                        1
   b - Passwall                       Transmutation/Earth          2
   c - Stone Arrow                    Conjuration/Earth            3
   d - Petrify                        Transmutation/Earth          4
   e - Lee's Rapid Deconstruction     Earth                        5
Comestibles
 d - 2 rations
 z - 2 chunks of flesh


   Skills:
 + Level 1.4 Fighting
 + Level 1.0 Staves
 + Level 1.3 Armour
 + Level 2.3 Dodging
 - Level 1.7 Stealth
 + Level 1.1 Shields
 * Level 3.1 Spellcasting
   Level 0.8 Transmutations
 * Level 3.8 Earth Magic


You had 9 spell levels left.
You knew the following spells:

 Your Spells              Type           Power        Failure   Level  Hunger
a - Sandblast             Erth           ###...       83%         1    None


Dungeon Overview and Level Annotations

Branches:
Dungeon (3/15)


Innate Abilities, Weirdness & Mutations

You have an increased reservoir of magic. (+10% MP)
Armour fits poorly on your strangely shaped body.


Message History

Confirm with . or Enter, or press ? or * to list all spells.
Aiming: Sandblast
Press: ? - help, Shift-Dir - straight line, f/p - worm
Aim: a worm (lightly wounded)
You miscast Sandblast.
You feel earthy.
Casting: Sandblast
Confirm with . or Enter, or press ? or * to list all spells.
Aiming: Sandblast
Press: ? - help, Shift-Dir - straight line, f/p - worm
Aim: a worm (lightly wounded)
You miscast Sandblast.
You are lightly contaminated with residual magic.
Sand pours from your hands.
Casting: Sandblast
Confirm with . or Enter, or press ? or * to list all spells.
Aiming: Sandblast
Press: ? - help, Shift-Dir - straight line, f/p - worm
Aim: a worm (lightly wounded)
You miscast Sandblast.
Nothing appears to happen.
The worm bites you!
You die...

#........# #.# #.##.#........
#.###.##.###'###.##.#........
#................##.#........
###........###.####......###.
#.....#### #.# ######## #.
#.....############## #.
#................... #.
##.##.#...#...#... ##
#.##.....@w........
#.####...#.(.#...#. #.#
#..............
#.################# #....# #.
######### #.##.# #. #....>..#
# #.##.# #. #.#####.#### ##
#.##.# #. #.##.......###.
#.##.# #. #.##.##........


You could see a worm.

Vanquished Creatures
  A hound (D:3)
  Ijyb (D:3)
  Natasha (D:3)
  Terence (D:3)
  4 adders
  An ooze (D:1)
  4 adder skeletons (D:3)
  2 adder zombies (D:3)
  2 worms
  4 leopard geckos
  An orc (D:3)
  3 giant cockroaches
  7 hobgoblins
  9 kobolds
  4 quokkas (D:2)
  2 ball pythons (D:2)
  4 bats
  3 frilled lizards
  8 goblins
  2 jackal skeletons (D:3)
  A leopard gecko skeleton (D:3)
  A leopard gecko zombie (D:3)
  9 rats
75 creatures vanquished.

Notes
Turn   | Place    | Note
-------+----------+-------------------------------------------
     0 | D:1      | HEYYEYAAE the Demigod Earth Elementalist began the quest for the Orb.
     0 | D:1      | Reached XP level 1. HP: 14/14 MP: 5/5
   499 | D:1      | Reached XP level 2. HP: 22/22 MP: 5/7
  1240 | D:2      | Reached XP level 3. HP: 24/27 MP: 6/8
  1614 | D:2      | Found a white marble altar of Elyvilon.
  1850 | D:3      | Reached skill level 1 in Fighting
  1897 | D:3      | Reached XP level 4. HP: 22/35 MP: 10/10
  1927 | D:3      | Found an ornate altar of the Wu Jian Council.
  1934 | D:3      | Found a radiant altar of Vehumet.
  1935 | D:3      | Found a snail-covered altar of Cheibriados.
  1970 | D:3      | Noticed Terence
  1997 | D:3      | Killed Terence
  2053 | D:3      | Noticed Ijyb
  2076 | D:3      | Killed Ijyb
  2076 | D:3      | Reached skill level 1 in Armour
  2178 | D:3      | Gained mutation: Armour fits poorly on your strangely shaped body. [mutagenic glow]
  2222 | D:3      | Found a stormy altar of Qazlal.
  2287 | D:3      | Reached XP level 5. HP: 17/40 MP: 5/12
  2463 | D:3      | Noticed Natasha
  2483 | D:3      | Killed Natasha
  2483 | D:3      | Reached skill level 1 in Shields
  2690 | D:3      | Reached skill level 1 in Staves
  2702 | D:3      | Slain by a worm

Skill      XL: |  1  2  3  4  5 |
---------------+----------------+-----
Spellcasting   | 2 3 |  3.1
Earth Magic    | 3 |  3.8
Dodging        | 2 |  2.3
Fighting       | 1 |  1.4
Armour         | 1 |  1.3
Shields        | 1 |  1.1
Staves         | 1 |  1.0
Stealth        | |  1.7
Transmutations | |  0.8

Action                   |  1- 3 |  4- 6 || total
-------------------------+-------+-------++-------
Melee: Unarmed           |     9 |       ||     9
       Dagger            |    59 |   127 ||   186
 Cast: Sandblast         |    30 |     9 ||    39
  Use: Potion            |       |     1 ||     1
 Stab: Sleeping          |     6 |       ||     6
  Eat: Chunk             |     2 |     4 ||     6
Armor: Robe              |    11 |     9 ||    20
       Chain mail        |       |    98 ||    98
Dodge: Dodged            |    38 |    49 ||    87
